 Dungeon Crawl Stone Soup version 0.18.1-48-g4cf74bf (webtiles) character file.

28 Denzi the Sneak (level 3, -5/19 HPs)
             Began as a Kobold Enchanter on July 16, 2016.
             Killed by nerve-wracking pain
             ... invoked by Jessica
              (13 damage)
             ... on level 2 of the Dungeon on July 17, 2016.
             The game lasted 00:04:50 (986 turns).

Denzi the Sneak (Kobold Enchanter)                   Turns: 986, Time: 00:04:50

Health: -5/19      AC:  4    Str:  6    XL:     3   Next: 27%
Magic:  6/6        EV: 15    Int: 13    God:
Gold:   56         SH:  0    Dex: 17    Spells: 1 memorised, 5 levels left

rFire  . . .     SeeInvis .     a - +1 dagger
rCold  . . .     Gourm    .     b - +1 robe
rNeg   . . .     Faith    .     (shield restricted)
rPois  .         Spirit   .     k - +0 helmet
rElec  .         Dismiss  .     (no cloak)
rCorr  .         Reflect  .     (no gloves)
SustAt .         Harm     .     (no boots)
MR     .....                    (no amulet)
Stlth  +++.......               (no ring)
                                m - ring of flight

@: not resistant to hostile enchantments, fairly stealthy
A: carnivore 3
a: Evoke Flight


You were on level 2 of the Dungeon.
You were full.

You visited 1 branch of the dungeon, and saw 2 of its levels.

You collected 56 gold pieces.

Inventory:

Hand Weapons
 a - a +1 dagger (weapon)
Missiles
 o - 42 stones (quivered)
Armour
 b - a +1 robe (worn)
 k - a +0 helmet (worn)
Jewellery
 m - a ring of flight (left hand)
Scrolls
 e - 2 scrolls of fog {unknown}
 f - a scroll of magic mapping {unknown}
 g - a scroll of amnesia {unknown}
 h - a scroll of remove curse {unknown}
 j - 4 scrolls of identify {unknown}
 n - a scroll of teleportation {unknown}
Potions
 i - 2 potions of degeneration {unknown}
 l - 2 potions of invisibility {unknown}
Books
 c - a book of Maledictions

   Spells                             Type                      Level
   a - Corona                         Hexes                        1
   b - Ensorcelled Hibernation        Hexes/Ice                    2
   c - Confuse                        Hexes                        3
   d - Tukima's Dance                 Hexes                        3
   e - Dazzling Spray                 Conjuration/Hexes            3
Comestibles
 d - 2 meat rations


   Skills:
 + Level 4.0 Short Blades
 - Level 2.4 Dodging
 - Level 4.0 Stealth
 - Level 2.0 Spellcasting
 - Level 3.0 Hexes


You had 5 spell levels left.
You knew the following spells:

 Your Spells              Type           Power        Failure   Level  Hunger
a - Corona                Hex            #......      10%         1    ##.....


Dungeon Overview and Level Annotations

Branches:
Dungeon (2/15)

Altars:

Annotations:
D:2 Jessica


Innate Abilities, Weirdness & Mutations

You are small and have problems with some larger weapons.
You are carnivorous and can eat meat at any time.


Message History

Jessica is lightly wounded.
Jessica hits you but does no damage.
You hit Jessica.
Jessica is moderately wounded.
Jessica closely misses you. Jessica hits you with a club.
You closely miss Jessica.
Jessica is moderately wounded.
Jessica mumbles something strange.
Jessica mumbles some strange words.
Jessica blinks!
The rat bites you.
Jessica casts a spell.
Jessica blinks!
The rat bites you.
You barely miss the rat.
Jessica points at you and mumbles some strange words.
Pain shoots through your body! Jessica misses you.
Jessica casts a spell at you. Pain shoots through your body!
Ouch! That really hurt!
You die...

#.. .#.....
#..##.#.#...
####.........
..!....#..# s.
##......# ..#
#.......##..#.
##...rs........
#....@.!.......
#.....@........
#..##...†......
#..###....#..##
#..###.........
#.......#.#..#.
##.###..#....#
#####.###....###%
#.........####
#.#######.#


You could see Jessica, a giant cockroach and a rat.

Vanquished Creatures
  4 bats
  2 giant cockroaches (D:2)
  5 goblins
  4 hobgoblins (D:1)
  A kobold (D:1)
  5 giant newts
  4 rats (D:1)
25 creatures vanquished.

Notes
Turn   | Place    | Note
--------------------------------------------------------------
     0 | D:1      | Denzi the Kobold Enchanter began the quest for the Orb.
     0 | D:1      | Reached XP level 1. HP: 10/10 MP: 3/3
   120 | D:1      | Reached XP level 2. HP: 15/15 MP: 5/5
   538 | D:1      | Reached XP level 3. HP: 18/19 MP: 6/6
   735 | D:2      | Noticed Jessica
   986 | D:2      | Killed from afar by Jessica

Skill      XL: |  1  2  3 |
---------------+----------+-----
Short Blades   | 2 3 4 |  4.0
Dodging        | |  2.4
Stealth        | |  4.0
Spellcasting   | |  2.0
Hexes          | |  3.0

Action                   || total
-------------------------++-------
Melee: Dagger            ||    74
 Stab: Sleeping          ||     8
  Eat: Chunk             ||     5
Armor: Robe              ||    13
Dodge: Dodged            ||    47
